 Dungeon Crawl Stone Soup version 0.22-a0-605-g9281fa2 (webtiles) character file.

202 Mamutox the Cudgeler (level 5, -3/54 HPs)
             Began as a Troll Monk on July 8, 2018.
             Killed by nerve-wracking pain
             ... invoked by a shadow imp
              (6 damage)
             ... on level 3 of the Dungeon.
             The game lasted 00:07:21 (2449 turns).

Mamutox the Cudgeler (Troll Monk)                   Turns: 2449, Time: 00:07:22

Health: -3/54      AC:  6    Str: 19    XL:     5   Next: 50%
Magic:  4/4        EV: 11    Int:  6    God:
Gold:   147        SH:  0    Dex: 16    Spells: 4/4 levels left

rFire    . . .     SeeInvis .   a - +0 mace
rCold    . . .     Gourm    +   (no shield)
rNeg     . . .     Faith    .   b - +0 robe
rPois    .         Spirit   .   g - +1 hat
rElec    .         Reflect  .   (no cloak)
rCorr    .         Harm     .   (gloves unavailable)
MR       .....                  (boots unavailable)
Stlth    ++........             (no amulet)
HPRegen  0.58/turn              n - +3 ring of dexterity
MPRegen  0.09/turn              (no ring)

@: no status effects
A: large, unfitting armour, claws 3, fast metabolism 3, gourmand, regeneration
1, shaggy fur 1, tough skin 2
a: no special abilities


You were on level 3 of the Dungeon.
You were very full.

You visited 1 branch of the dungeon, and saw 3 of its levels.

You collected 147 gold pieces.

Inventory:

Hand Weapons
 a - a +0 mace (weapon)
Missiles
 h - 4 javelins (quivered)
 j - 17 poisoned needles
Armour
 b - a +0 robe (worn)
 g - a +1 hat (worn)
Jewellery
 n - a +3 ring of dexterity (left claw)
Wands
 r - a wand of enslavement (12)
Scrolls
 d - 2 scrolls of remove curse
 e - 2 scrolls of identify {unknown}
 k - 2 scrolls of teleportation {unknown}
 l - 2 scrolls of amnesia {unknown}
 m - a scroll of magic mapping {unknown}
 p - a scroll of fog {unknown}
Potions
 f - a potion of flight {unknown}
 i - a potion of curing {unknown}
 o - a potion of magic {unknown}
 q - a potion of cancellation {unknown}
Comestibles
 c - 9 rations


   Skills:
 + Level 3.9 Fighting
 + Level 4.4 Maces & Flails
 - Level 2.5 Dodging
 - Level 1.0 Stealth


You had 4 spell levels left.
You didn't know any spells.
Your spell library was empty.

Dungeon Overview and Level Annotations

Branches:
Dungeon (3/15)

Altars:
Ru

Annotations:
D:3 1 transporter


Innate Abilities, Weirdness & Mutations

You are too large for most types of armour.
You have claws for hands.
Your metabolism is lightning-fast.
You like to eat raw meat.
Your natural rate of healing is unusually fast.
You are covered in fur. (AC +1)
You have very tough skin. (AC +2)


Message History

The shadow imp grins evilly.
You see here 14 gold pieces.
You now have 147 gold pieces (gained 14).
You enter the shallow water.
Moving in this stuff is going to be slow.
The shadow imp gestures at you. Pain shoots through your body!
The orc priest invokes the aid of Beogh against you.
Pain shoots through your body!
The shadow imp laughs crazily.
The orc priest calls down the wrath of Beogh upon you.
Beogh smites you!
* * * LOW HITPOINT WARNING * * *
The orc priest invokes the aid of Beogh against you.
Pain shoots through your body!
* * * LOW HITPOINT WARNING * * *
You open the door. The shadow imp gestures at you.
Pain shoots through your body!
You die...

#.# #.####'####.....# #.##
#.# #.#.≈...≈.#.##### #.##
#.# #.#.≈...≈.#.# #.## #.#
#.#.≈≈≈≈≈.#.# #... #.#
#.#.≈P⌠≈≈.#.# #### #.#
#.#.≈≈P≈≈o#.######### #.#
#.#.≈...≈.#.....g...# #.#
#.#5≈...≈5#.#######g#
#.#####.####@####.# #g#
#....##.#≈..?..≈#.#######.#
####.##.#8P$©$P8#......##.#
#.##.#########.####.##g#
#.##.....©.....# #.##.#
#.######...##### #.##.###
#.# #.....# #.##.g.. #.#
#.###.#######.###### #.#
#.# #.#.............


You could see an orc priest and 2 shadow imps.

Vanquished Creatures
  Robin (D:2)
  5 adders
  3 gnolls (D:3)
  An ooze (D:2)
  3 dart slugs
  2 leopard geckos
  5 giant cockroaches
  24 goblins
  11 hobgoblins
  12 jackals
  6 kobolds
  A quokka (D:2)
  2 ball pythons
  14 bats
  6 frilled lizards
  3 rats
99 creatures vanquished.

Notes
Turn   | Place    | Note
-------+----------+-------------------------------------------
     0 | D:1      | Mamutox the Troll Monk began the quest for the Orb.
     0 | D:1      | Reached XP level 1. HP: 22/22 MP: 0/0
    43 | D:1      | Reached skill level 3 in Maces & Flails
    43 | D:1      | Reached XP level 2. HP: 17/29 MP: 1/1
   279 | D:1      | Reached XP level 3. HP: 36/36 MP: 2/2
   810 | D:2      | Noticed Robin
  1038 | D:2      | Reached XP level 4. HP: 43/45 MP: 3/3
  1055 | D:2      | Killed Robin
  1263 | D:2      | Reached skill level 4 in Maces & Flails
  1396 | D:2      | Reached XP level 5. HP: 54/54 MP: 4/4
  1503 | D:2      | Found a sacrificial altar of Ru.
  1811 | D:3      | Found a transporter.
  1860 | D:3      | Found a transporter.
  2447 | D:3      | HP: 2/54 [orc priest/nerve-wracking pain (11)]
  2449 | D:3      | Killed from afar by a shadow imp

Vault maps used:
D:1:      grunt_arrival_crossed_arrows
D:2:      kennysheep_the_goblin_king, nicolae_ru_the_path_less_chosen,
          first_ration, minmay_vboxes, uniq_robin
D:3:      gammafunk_wand_slinger

Skill      XL: |  1  2  3  4 |
---------------+-------------+-----
Maces & Flails | 3 4 |  4.4
Fighting       | 3 |  3.9
Dodging        | |  2.5
Stealth        | |  1.0

Action                   |  1- 3 |  4- 6 || total
-------------------------+-------+-------++-------
Melee: Mace              |   173 |   163 ||   336
  Use: Scroll            |       |     1 ||     1
 Stab: Sleeping          |     6 |     2 ||     8
  Eat: Chunk             |    15 |    12 ||    27
Armor: Robe              |   110 |   123 ||   233
Dodge: Dodged            |   135 |   161 ||   296

Table legend:
 A = Spawn XP
 B = Non-spawn XP
 C = Spawn XP percentage of total XP
 D = Spawn monster count
 E = Non-spawn monster count
 F = Spawn count percentage of total count
 G = Total turns spent on level
                    A         B        C        D         E        F      G
               +---------+---------+-------+---------+---------+-------+---------
         Total |       0 |     289 |   0.0 |       0 |      99 |   0.0 |  2449
               +---------+---------+-------+---------+---------+-------+---------
           D:1 |       0 |      63 |   0.0 |       0 |      34 |   0.0 |   823
           D:2 |       0 |     147 |   0.0 |       0 |      54 |   0.0 |   858
           D:3 |       0 |      79 |   0.0 |       0 |      11 |   0.0 |   768
               +---------+---------+-------+---------+---------+-------+---------
